 Seeded DCSS version 0.30-a0-219-gf2db51d15e (webtiles) character file.

Game seed: 6221397826817002271 (custom seed)

51553 SigmundSlayer the Blocker (level 13, -3/117 HPs)
             Began as a Demigod Fighter on Oct 7, 2022.
             Slain by Rupert
             ... wielding a +1 great mace of protection
              (29 damage)
             ... on level 4 of the Lair of Beasts.
             The game lasted 00:21:28 (20069 turns).

SigmundSlayer the Blocker (Demigod Fighter)        Turns: 20069, Time: 00:21:29

Health: -3/117     AC: 26    Str: 39    XL:     13   Next: 90%
Magic:  1/16       EV:  9    Int: 15    God:
Gold:   813        SH: 11    Dex: 10    Spells: 12/12 levels left

rFire   + . .      SeeInvis +    S - +6 war axe (elec)
rCold   + . .      Faith    .    K - +0 kite shield
rNeg    . . .      Spirit   .    J - +1 plate armour {Will+}
rPois   .          Reflect  .    M - +1 helmet of a Gauntlet {Int+2 Stlth+}
rElec   +          Harm     .    p - +0 cloak "Akatothy" {rElec rF+ Int+6 Dex-3}
rCorr   .          Rampage  .    e - +3 Mad Mage's Maulers {Infuse+∞ RegenMP Int-3}
Will    ++...                    (no boots)
Stlth   ..........               Q - amulet of the acrobat
HPRegen 0.39/turn                k - ring of protection from cold
MPRegen 0.55/turn                I - +6 ring of strength

@: marked
A: high MP 1, forlorn, divine attributes, hooves 1, iridescent scales 1, see
invisible
a: no special abilities


You were on level 4 of the Lair of Beasts.
You visited 2 branches of the dungeon, and saw 16 of its levels.
You also visited: Gauntlet.

You collected 1083 gold pieces.
You spent 270 gold pieces at shops.

Inventory:

Hand Weapons
 S - a +6 war axe of electrocution (weapon)
Missiles
 a - 7 javelins
 o - 3 throwing nets (quivered)
Armour
 e - the +3 Mad Mage's Maulers (worn) {Infuse+∞ RegenMP Int-3}
   (You acquired it on level 1 of the Dungeon)

   It empowers its wearer's blows with all of their magic.
   It causes its wearer's magical reserves to regenerate more quickly.
   Int:       It affects your intelligence (-3).
 p - the +0 cloak "Akatothy" (worn) {rElec rF+ Int+6 Dex-3}
   (You found it on level 2 of the Dungeon)

   Int:       It affects your intelligence (+6).
   Dex:       It affects your dexterity (-3).
   rF:        It protects you from fire.
   rElec:     It insulates you from electricity.
 J - a +1 plate armour of willpower (worn)
 K - a +0 kite shield (worn)
 M - the +1 helmet of a Gauntlet (worn) {Int+2 Stlth+}
   (You found it on level 9 of the Dungeon)

   Int:       It affects your intelligence (+2).
   Stlth:     It makes you more stealthy.
Magical Staves
 i - a staff of cold
 n - a staff of earth
Jewellery
 g - a ring of flight
 k - a ring of protection from cold (left hand)
 B - the ring of Xaugie Jatoa {Ice rCorr Str+6 Int-4 Dex+2}
   (You found it in a Gauntlet)

   [ring of ice]

   It enhances your ice magic.
   Str:       It affects your strength (+6).
   Int:       It affects your intelligence (-4).
   Dex:       It affects your dexterity (+2).
   rF:        It makes you vulnerable to fire.
   rC:        It protects you from cold.
   rCorr:     It protects you from acid and corrosion.
 I - a +6 ring of strength (right hand)
 Q - an amulet of the acrobat (around neck)
Wands
 y - a wand of light (6)
 C - a wand of flame (70)
 F - a wand of iceblast (14)
 N - a wand of mindburst (8)
 O - a wand of paralysis (15)
Scrolls
 b - 2 scrolls of brand weapon
 c - 5 scrolls of identify
 f - 3 scrolls of enchant weapon
 h - 8 scrolls of teleportation
 j - 2 scrolls of poison
 l - 6 scrolls of butterflies
 q - 5 scrolls of enchant armour
 u - 3 scrolls of silence
 x - a scroll of torment
 A - 4 scrolls of fear
 R - 2 scrolls of summoning
Potions
 d - 4 potions of might
 m - 7 potions of curing
 r - 4 potions of brilliance
 s - 4 potions of flight
 t - a potion of heal wounds
 v - 4 potions of attraction
 z - 2 potions of resistance
 D - 2 potions of mutation
 E - 4 potions of lignification
 G - a potion of magic


   Skills:
 + Level 11.8 Fighting
 + Level 11.6 Axes
 + Level 11.8 Armour
 - Level 5.0 Dodging
 + Level 11.8 Shields


You had 12 spell levels left.
You didn't know any spells.
Your spell library contained the following spells:

 Spells                   Type           Power      Damage    Failure   Level
 Foxfire                  Conj/Fire      0%         2x1d4     94%         1
 Magic Dart               Conj           0%         1d3       94%         1
 Summon Small Mammal      Summ           0%         N/A       94%         1
 Call Imp                 Summ           0%         N/A       98%         2
 Sublimation of Blood     Necr           0%         N/A       98%         2
 Call Canine Familiar     Summ           0%         N/A       100%        3
 Hailstorm                Conj/Ice       0%         3d3       100%        3
 Mephitic Cloud           Conj/Pois/Air  0%         N/A       100%        3
 Portal Projectile        Hex/Tloc       0%         N/A       100%        3
 Summon Guardian Golem    Hex/Summ       0%         N/A       100%        3
 Tukima's Dance           Hex            0%         N/A       100%        3
 Ice Form                 Ice/Tmut       0%         N/A       100%        4
 Petrify                  Tmut/Erth      0%         N/A       100%        4
 Blade Hands              Tmut           0%         N/A       100%        5
 Fireball                 Conj/Fire      0%         3d3       100%        5
 Irradiate                Conj/Tmut      0%         3d11      100%        5
 Simulacrum               Ice/Necr       0%         N/A       100%        6
 Starburst                Conj/Fire      0%         6d3       100%        6


Dungeon Overview and Level Annotations

Branches:
Dungeon (12/15)            Temple (0/1) D:5            Lair (4/5) D:9
  Swamp (0/4) Lair:3        Snake (0/4) Lair:3        Slime (0/5) Lair:4
    Orc (0/2) D:9         Gauntlet (visited)

Shops:
D:1 :*   D:8 *   D:9 *(   D:12 **([

Annotations:
Lair:4 Rupert


Innate Abilities, Weirdness & Mutations

You have an increased reservoir of magic. (+10% MP)
You shall have no god before yourself.
Your divine heritage dramatically boosts your attributes as you level up.
You have large cloven feet.
You are partially covered in iridescent scales. (AC +2)
You have supernaturally acute eyesight. (SInv)


Message History

You slice the basilisk!!
You kill the basilisk!
You hit Rupert but do no damage. Lightning courses through Rupert!
You block Rupert's attack. Rupert barely misses you.
Rupert hits you with a +1 great mace of protection!!
Things that are here:
a basilisk corpse; a hydra corpse You closely miss Rupert.
You kick Rupert, but do no damage.
Rupert is lightly wounded.
You block Rupert's attack.
Rupert hits you with a +1 great mace of protection!
You slice Rupert!! You kick Rupert.
Rupert is moderately wounded.
Rupert barely misses you.
You hit Rupert. Lightning courses through Rupert!
You kick Rupert, but do no damage.
Rupert is moderately wounded.
Rupert hits you with a +1 great mace of protection.
* * * LOW HITPOINT WARNING * * *
You block Rupert's attack.
You slice Rupert!! Lightning courses through Rupert!
You kick Rupert, but do no damage.
Rupert is heavily wounded.
Rupert barely misses you.
Unknown command.
You closely miss Rupert. You kick Rupert, but do no damage.
Rupert is heavily wounded.
Rupert hits you with a +1 great mace of protection!
* * * LOW HITPOINT WARNING * * *
Rupert hits you with a +1 great mace of protection.
* * * LOW HITPOINT WARNING * * *
Aiming: Bolt of Light
Press: ? - help, Shift-Dir - straight line, f - Rupert
Aim: Rupert, wielding a +1 great mace of protection and wearing a +3 leather armour of willpower (heavily wounded, berserk, 71% to hit)
The bolt of light misses Rupert.
Rupert hits you but does no damage.
You slice Rupert!!
Rupert is severely wounded.
You block Rupert's attack.
Rupert hits you with a +1 great mace of protection!!
You die...

...........###.#...P# #
...................# #.##
..................# ?..#
..................####P.##.
#.P.P#.#####.....##........
.......#####.....#.........
###....##.##...............
###..#..........@..........
##...#..........@..........
.#...............##........
.#...#..........^##.(......
..#...###..#.##..##........
###...# ##.###...#.........
.P#...# #..................
....>P# ##.................
.....####..~~~~~~..........
......##...~≈~≈≈≈..........


You could see Rupert (berserk).

Vanquished Creatures
  A minotaur (Gauntlet)
  Josephine (Lair:3)
  4 hydras
  Fannar (Lair:1)
  3 catoblepae
  2 two-headed ogres (D:11)
  4 death yaks (Lair:3)
  2 boulder beetles
  Nergalle (Lair:1)
  The ghost of Iusername the Cleaver, a novice MiFi of Qazlal (D:9)
  A swamp dragon (Lair:2)
  A wolf spider (Gauntlet)
  3 cyclopes
  A will-o-the-wisp (Lair:3)
  An ugly thing (D:12)
  A moth of wrath (Gauntlet)
  8 black mambas
  3 elephants (Lair:3)
  An ice statue (Gauntlet)
  A gargoyle (D:12)
  A torpor snail (Lair:3)
  An unseen horror (D:8)
  9 cane toads
  3 rime drakes
  8 komodo dragons
  3 meliai (Gauntlet)
  7 trolls
  2 hornets
  2 polar bears
  5 slime creatures (D:12)
  A blink frog (Lair:3)
  Sigmund (D:4)
  A shadow (D:11)
  6 wraiths
  7 spriggans (Lair:1)
  5 vampires
  A wyvern (Lair:3)
  51 yaks
  4 basilisks
  4 redbacks (Gauntlet)
  2 humans (D:12)
  An unseen horror simulacrum (D:9)
  3 steam dragons
  14 vampire mosquitoes
  Duvessa (D:5)
  16 water moccasins
  3 orc warriors
  2 sky beasts
  3 black bears
  2 ogres (D:5)
  6 ice beasts
  14 wolves
  5 centaurs
  A kobold brigand (D:10)
  10 bullfrogs
  2 gnoll sergeants
  A necrophage (D:6)
  6 scorpions
  10 wights
  Dowan (D:5)
  9 killer bees (D:9)
  9 howler monkeys
  2 jellies (D:5)
  9 orc priests
  4 hounds
  Crazy Yiuf (D:4)
  Jessica (D:3)
  2 iguanas
  11 orc wizards
  A centaur simulacrum (D:9)
  7 gnolls
  6 adders
  2 howler monkey simulacra (D:9)
  2 white imps (D:9)
  2 ufetubi
  2 worms (D:3)
  3 dart slugs
  54 orcs
  5 endoplasms
  7 giant cockroaches
  2 goblins
  9 hobgoblins
  4 quokkas
  6 ball pythons
  14 bats
  4 frilled lizards
  11 kobolds
  4 rats
459 creatures vanquished.

Vanquished Creatures (others)
  A wolf (Lair:1)
  26 fungi
  57 plants
84 creatures vanquished.

Grand Total: 543 creatures vanquished

Notes
Turn   | Place    | Note
-------+----------+-------------------------------------------
     0 | D:1      | SigmundSlayer the Demigod Fighter began the quest for the
                  | Orb.
     0 | D:1      | Reached XP level 1. HP: 18/18 MP: 3/3
     8 | D:1      | Found Sakkono's Assorted Antiques.
    56 | D:1      | Identified a scroll of acquirement
    56 | D:1      | Acquired the +3 Mad Mage's Maulers {Infuse+∞ RegenMP Int-3}
    56 | D:1      | Found the +3 Mad Mage's Maulers {Infuse+∞ RegenMP Int-3}
    68 | D:1      | Found Dickuiv's Vocational Training.
   207 | D:1      | Reached XP level 2. HP: 25/25 MP: 0/4
   944 | D:2      | Identified the +0 cloak "Akatothy" {rElec rF+ Int+6 Dex-3}
  1080 | D:2      | You fall into a shaft and drop 2 floors!
  1240 | D:4      | Noticed an ice beast
  1250 | D:4      | Killed an ice beast
  1251 | D:4      | Reached XP level 3. HP: 31/31 MP: 1/5
  1251 | D:4      | Reached XP level 4. HP: 38/38 MP: 1/6
  2153 | D:3      | Noticed Jessica
  2158 | D:3      | Killed Jessica
  2159 | D:3      | Reached XP level 5. HP: 42/45 MP: 1/7
  3044 | D:4      | Noticed Sigmund
  3066 | D:4      | Killed Sigmund
  3067 | D:4      | Reached XP level 6. HP: 16/52 MP: 0/8
  3738 | D:4      | Found a runed translucent door.
  3739 | D:4      | Noticed Crazy Yiuf
  4000 | D:4      | Killed Crazy Yiuf
  4045 | D:5      | Entered Level 5 of the Dungeon
  4095 | D:5      | Reached XP level 7. HP: 52/60 MP: 1/9
  4544 | D:5      | Reached skill level 5 in Fighting
  4571 | D:5      | Noticed Dowan
  4572 | D:5      | Noticed Duvessa
  4581 | D:5      | Killed Dowan
  4582 | D:5      | Reached skill level 5 in Armour
  4582 | D:5      | Reached skill level 5 in Shields
  4591 | D:5      | Killed Duvessa
  4719 | D:5      | Found a staircase to the Ecumenical Temple.
  4912 | D:5      | Reached XP level 8. HP: 64/68 MP: 0/10
  5020 | D:6      | Reached skill level 5 in Axes
  6258 | D:7      | Reached XP level 9. HP: 75/75 MP: 0/11
  7862 | D:8      | Noticed an unseen horror
  7869 | D:8      | Killed an unseen horror
  7873 | D:8      | Found Unuothy's Lightly-Used Armoury.
  8306 | D:9      | Identified the +1 helmet of a Gauntlet {Int+2 Stlth+}
  8341 | D:9      | Found a staircase to the Orcish Mines.
  8434 | D:9      | Reached XP level 10. HP: 47/84 MP: 0/13
  8655 | D:9      | Found a runed translucent gate.
  8655 | D:9      | Found a runed translucent gate.
  8655 | D:9      | Found a runed translucent gate.
  8802 | D:9      | Found Goonn's Assorted Antiques.
  8911 | D:9      | Found a staircase to the Lair.
  8925 | D:9      | Found Miav's Weapon Boutique.
  8928 | D:9      | Gained mutation: You have hidden genetic defects. [potion
                  | of mutation]
  8929 | D:9      | Lost mutation: You have hidden genetic defects. [potion of
                  | mutation]
  8929 | D:9      | Gained mutation: You have supernaturally acute eyesight.
                  | (SInv) [potion of mutation]
  8929 | D:9      | Gained mutation: You are partially covered in iridescent
                  | scales. (AC +2) [potion of mutation]
  8929 | D:9      | Gained mutation: You have large cloven feet. [potion of
                  | mutation]
  9238 | D:9      | Noticed Iusername's ghost (novice MiFi)
  9249 | D:9      | Identified the +0 leather armour "Fenag" {Harm rF+ rC+}
  9612 | D:9      | Killed Iusername's ghost
  9789 | D:10     | Entered Level 10 of the Dungeon
 10172 | D:10     | Found a transporter.
 10190 | D:10     | Found a transporter.
 10196 | D:10     | Found a transporter.
 10281 | D:10     | Found a transporter.
 10462 | D:10     | Reached XP level 11. HP: 91/95 MP: 1/14
 11022 | D:11     | Noticed a two-headed ogre
 11026 | D:11     | Killed a two-headed ogre
 11881 | D:11     | Noticed a two-headed ogre
 11885 | D:11     | Killed a two-headed ogre
 11886 | D:11     | Reached skill level 1 in Dodging
 12046 | D:12     | Found Feidwir's Antique Armour Shoppe.
 12459 | D:12     | Found Tuti's Assorted Antiques.
 12561 | D:12     | Found Yboohibbej's Assorted Antiques.
 12569 | D:12     | Bought a dented blue amulet for 100 gold pieces
 12569 | D:12     | Bought a scroll labelled QANLETW UDANKI for 20 gold pieces
 12569 | D:12     | Bought a pair of embroidered gloves for 150 gold pieces
 13032 | D:12     | Found Ciovvi's Weapon Boutique.
 13052 | D:12     | Noticed a boulder beetle
 13073 | D:12     | Killed a boulder beetle
 13294 | Lair:1   | Entered Level 1 of the Lair of Beasts
 13410 | Lair:1   | Noticed a boulder beetle
 13418 | Lair:1   | Killed a boulder beetle
 13419 | Lair:1   | Reached XP level 12. HP: 93/106 MP: 1/15
 13494 | Lair:1   | Noticed Fannar
 13510 | Lair:1   | Killed Fannar
 13793 | Lair:1   | Reached skill level 10 in Fighting
 14053 | Lair:1   | Reached skill level 10 in Armour
 14053 | Lair:1   | Reached skill level 10 in Shields
 14427 | Lair:1   | Noticed a catoblepas
 14428 | Lair:1   | Noticed Nergalle
 14456 | Lair:1   | Killed a catoblepas
 14457 | Lair:1   | Reached skill level 10 in Axes
 14464 | Lair:1   | Killed Nergalle
 15425 | Lair:2   | Found a gate leading to a gauntlet.
 15436 | Gauntlet | Entered a Gauntlet
 15436 | Gauntlet | Found a transporter.
 15436 | Gauntlet | Found a transporter.
 15453 | Gauntlet | Found a transporter.
 15453 | Gauntlet | Found a transporter.
 15455 | Gauntlet | Noticed a catoblepas
 15466 | Gauntlet | Found a transporter.
 15475 | Gauntlet | Found a transporter.
 15485 | Gauntlet | Found a transporter.
 15490 | Gauntlet | Found a transporter.
 15498 | Gauntlet | Found a transporter.
 15499 | Gauntlet | Found a transporter.
 15505 | Gauntlet | Found a transporter.
 15509 | Gauntlet | Noticed a catoblepas
 15546 | Gauntlet | Found a transporter.
 15583 | Gauntlet | Found a transporter.
 15586 | Gauntlet | Noticed a quicksilver ooze
 15599 | Gauntlet | Found a transporter.
 15701 | Gauntlet | Found a transporter.
 15717 | Gauntlet | Found a transporter.
 15894 | Gauntlet | HP: 1/107 [wolf spider (14)]
 16127 | Gauntlet | Identified the ring of Xaugie Jatoa {Ice rCorr Str+6 Int-4
                  | Dex+2}
 16155 | Gauntlet | Reached skill level 5 in Dodging
 16241 | Gauntlet | Noticed a minotaur
 16251 | Gauntlet | Killed a minotaur
 16820 | Lair:2   | Noticed a six-headed hydra
 16829 | Lair:2   | Killed a ten-headed hydra
 17037 | Lair:2   | Reached XP level 13. HP: 90/114 MP: 1/16
 17408 | Lair:3   | Found a staircase to the Swamp.
 17410 | Lair:3   | Noticed Josephine
 17427 | Lair:3   | Killed Josephine
 17428 | Lair:3   | Found a staircase to the Snake Pit.
 17486 | Lair:3   | HP: 3/116 [death yak (16)]
 19348 | Lair:4   | Found a staircase to the Slime Pits.
 20047 | Lair:4   | Noticed Rupert
 20069 | Lair:4   | Slain by Rupert

Illustrated notes

Levels and vault maps discovered:
D:1:      lemuel_arrival_behind_the_door_large, layout_rooms, serial_shops,
          shop, serial_forest, infiniplex_forest_clump_long,
          infiniplex_forest_lined_room_3, infiniplex_forest_clump_medium,
          infiniplex_forest_pool, infiniplex_forest_end_1,
          infiniplex_forest_lined_corner, infiniplex_forest_lined_3_way,
          infiniplex_forest_clump_tiny, nicolae_shop_vocational
D:2:      layout_rooms, ebering_ecumenical_altar_mist, basic_altar
D:3:      layout_basic, mainiacjoe_overflow_tiny_flanked, uniq_jessica
D:4:      minmay_chambers_of_fours, layout_loops_corners, uniq_sigmund,
          uniq_crazy_yiuf_cottage
D:5:      layout_basic, mainiacjoe_overflow_surrounded_room,
          minmay_temple_entry_mist, uniq_duvessa
D:6:      old_forge, layout_basic, nicolae_dithmenos_through_a_glass_darkly,
          nicolae_ashenzari_skybound, vehumet_crystals
D:7:      layout_basic, tso_metal_star, mainiacjoe_overflow_chevrons,
          serial_corexii_hall, corexii_hall_statues_deadend,
          corexii_hall_statues_u
D:8:      layout_basic, nemelex_diamond_rough_becter, mainiacjoe_overflow_paths,
          minmay_shop_damaged
D:9:      layout_cave_pools, lair_entry_dummy, david_orc_2, serial_shops,
          nicolae_shop_temple_entry_statues_fountains, gammafunk_ghost_icy,
          nicolae_take_the_stairs, minmay_increasing_density
D:10:     layout_basic, nicolae_transporter_circle
D:11:     layout_gridville, minmay_puff
D:12:     layout_stronghold, serial_shops, shop_statue,
          nicolae_shop_overgrown_old_shop, nicolae_shop_behind_doors,
          nicolae_lakefront_shop, okawaru_humans
Lair:1:   kb_forest_paths, layout_gridlike, uniq_fannar, uniq_nergalle
Lair:2:   layout_long_grid, gauntlet_entry_generic, pond
Lair:3:   nzn_winding_woodlands_cross [nzn_winding_woodlands_5x15_default,
          nzn_winding_woodlands_5x15_longhouse,
          nzn_winding_woodlands_5x15_garden, nzn_winding_woodlands_5x15_twine,
          nzn_winding_woodlands_15x15_killbox], layout_gridlike,
          minmay_swamp_entry_wisps, dummy_snake_entry, basic_altar,
          uniq_josephine
Lair:4:   layout_gridlike, slime_entry_1, ebering_ghost_inner_flame,
          grunt_megastairs_3, lemuel_fruit_tree, uniq_rupert

Skill      XL: |  1  2  3  4  5  6  7  8  9 10 11 12 13 |
---------------+----------------------------------------+-----
Axes           | 2 3 4 5 7 8 9 10 11 | 11.6
Fighting       | 3 4 5 6 7 8 9 10 11 | 11.8
Armour         | 3 4 5 6 7 8 9 10 11 | 11.8
Shields        | 3 4 5 6 7 8 9 10 11 | 11.8
Dodging        | 3 5 |  5.0

Action                   |  1- 3 |  4- 6 |  7- 9 | 10-12 | 13-15 || total
-------------------------+-------+-------+-------+-------+-------++-------
Melee: War axe           |    61 |   133 |   282 |   493 |   221 ||  1190
       Kick              |       |       |       |   129 |    61 ||   190
Throw: Throwing net      |       |       |     1 |       |       ||     1
Evoke: Wand              |       |       |       |     2 |     2 ||     4
  Use: Scroll            |     1 |     9 |     8 |     9 |     1 ||    28
       Potion            |       |       |       |    13 |     1 ||    14
Armor: Scale mail        |    38 |    71 |   184 |       |       ||   293
       Plate armour      |       |       |    68 |   367 |   153 ||   588
Dodge: Dodged            |    31 |    60 |   174 |   199 |   107 ||   571
Block: Buckler           |    15 |    28 |    74 |       |       ||   117
       Kite shield       |       |       |    49 |   324 |   143 ||   516

Table legend: (Time is in decaauts)
 A = Elapsed time spent in this place.
 B = Non-inter-level travel time spent in this place.
 C = Inter-level travel time spent in this place.
 D = Time resting spent in this place.
 E = Time spent auto-exploring this place.
 F = Levels seen in this place.
 G = Mean time per level.
                   A        B        C        D        E       F      G
               +--------+--------+--------+--------+--------+-----+--------+
         Total |  20378 |  19720 |    658 |   2025 |  14433 |  17 | 1198.7 |
       Dungeon |  13537 |  12967 |    570 |    652 |  10218 |  12 | 1128.1 |
          Lair |   5786 |   5699 |     87 |   1128 |   3808 |   4 | 1446.5 |
      Gauntlet |   1054 |   1054 |      0 |    244 |    407 |   1 | 1054.0 |
               +--------+--------+--------+--------+--------+-----+--------+

Top non-repeatable levels by time:
  Lair:1: 2126 daAuts
  Lair:3: 1899 daAuts
     D:9: 1577 daAuts
     D:4: 1431 daAuts
     D:6: 1351 daAuts
     D:3: 1301 daAuts
    D:12: 1285 daAuts
    D:11: 1137 daAuts
    D:10: 1105 daAuts
Gauntlet: 1054 daAuts
     D:8: 1018 daAuts
     D:5: 978 daAuts
  Lair:2: 971 daAuts
     D:7: 962 daAuts
  Lair:4: 789 daAuts
